Frizzbo, neutral female gnomish Wizard ---- -------------------..| ----.......'GYY.f.......-- |......--Y..----------.^.| |...--.....-- |..^| |`..--.....| ---^| |..........-- ---------+| |..Z...`...>| |.........| --.---------- |.........| |..| |....<....| --..------- |.........| |..`.`.`..| |.........| |.......%.| ----------- ----------- Frizzbo the Thaumaturge Experience level: 7 Strength: 12 Dexterity: 12 Constitution: 14 Intelligence: 13 Wisdom: 18 Charisma: 11 Health: 0(44) Energy: 93(98) Def: 2 Gold: 305 Moves: 4795 Dungeon seed: BnNFMLLWAtnAcChw Game ID: Frizzbo_1466001504 Your Inventory: Coins $ - 305 gold pieces Weapons f - an uncursed corroded +2 aklys (weapon in hand) Armor e - an uncursed +0 cloak of magic resistance (being worn) z - an uncursed +0 pair of jumping boots (being worn) Comestibles i - 10 uncursed food rations M - an uncursed tripe ration Scrolls g - 4 uncursed scrolls of blank paper l - 2 uncursed scrolls of teleportation o - an uncursed scroll of scare monster s - an uncursed scroll of identify x - an uncursed scroll of magic mapping B - an uncursed scroll of scare monster E - an uncursed scroll of destroy armor G - a cursed scroll of enchant armor H - an uncursed scroll of charging S - 2 uncursed scrolls of earth T - a cursed scroll of identify Potions t - an uncursed potion of gain level v - an uncursed potion of water w - an uncursed potion of confusion K - an uncursed potion of levitation L - a cursed potion of oil Rings R - an uncursed ring of warning U - an uncursed ring of fire resistance Wands A - an uncursed wand of fire (0:4) D - an uncursed wand of enlightenment (0:10) P - an uncursed wand of digging (0:6) W - an uncursed wand of fire (0:5) Tools I - an uncursed blindfold Spells and supernatural/magical abilities: Name Level Category Fail Memory a - force bolt 1 attack 0% 77% k - knock 1 matter 0% 77% t - teleport away 6 escape 100% 92% w - wizard lock 2 matter 79% 85% W - pray for help -- divine ? -- Y - supernatural jump -- ability ? -- Your skills at the end: Miscellaneous Skills wands [Basic] Weapon Skills dagger [Basic] quarterstaff [Basic] crossbow [Basic] Spellcasting Skills attack spells [Basic] enchantment spells [Basic] Final Attributes: You were devoutly aligned. You were poison resistant. You were magic-protected. You had infravision. You could jump. You were held by a rope golem. You are dead. Vanquished creatures: a tengu a wolf a leprechaun a spotted jelly an orc mummy a dust vortex a gnome mummy a soldier ant a shrieker a guardian naga hatchling a paper golem a floating eye a homunculus 2 iguanas 11 hill orcs 2 rothes a rabid rat a giant bat 2 wererats a werejackal 2 hobbits 2 large kobolds 4 geckos a hobgoblin 2 giant rats a cave spider 2 brown molds a green mold 2 red molds 3 manes 2 jackals 2 foxes 3 kobolds 3 newts 4 goblins 2 sewer rats 3 grid bugs 4 lichens 2 kobold zombies 78 creatures vanquished. Voluntary challenges: You were an atheist. You used a wielded weapon 82 times, starting on turn 89. You did not use tools. You read items or engraved 46 times, starting on turn 623. You never genocided any monsters. You never polymorphed an object. You never changed form. You used no wishes. You never split a pudding. You wrote Elbereth's name 1 time, starting on turn 1798. You never violated your personal moral code. Dungeon overview: The Dungeons of Doom: levels 1 to 7 Level 1 a long staircase Level 2 some fountains Level 3 a fountain Level 4 a fountain a long staircase Level 5 a sink Level 6 many fountains Level 7 a sink stairs to Sokoban Sokoban: levels 5 to 6 Level 5 <- You were here Level 6 a magic chest stairs to The Dungeons of Doom History has recorded: On T:1 you entered the Dungeons of Doom to retrieve the Amulet of Yendor! On T:478 you advanced to experience level 2. On T:524 you advanced to experience level 3. On T:605 you reached level 2 of The Dungeons of Doom. On T:1056 you reached level 3 of The Dungeons of Doom. On T:1690 you reached level 4 of The Dungeons of Doom. On T:1697 you advanced to experience level 4. On T:2197 you reached level 5 of The Dungeons of Doom. On T:2590 you advanced to experience level 5. On T:2774 you reached level 6 of The Dungeons of Doom. On T:3001 you advanced to experience level 6. On T:3002 you received advice from The Oracle. On T:3002 you advanced to experience level 7. On T:3178 you reached level 7 of The Dungeons of Doom. On T:3751 you reached level 4 of Sokoban. On T:4030 you opened a magic chest. On T:4194 you reached level 3 of Sokoban. Score breakdown: Gold: 305 ( 30 points) Experience: 7 levels ( 600 points) Exploration: 7 levels ( 180 points) Discoveries: 6 items ( 300 points) Variety of kills: 39 monsters ( 1950 points) Major goal: (nothing yet) ( 0 points) Survival: died (score multiplied by 3) Total score: 9180 Latest messages: i - 2 food rations. You displace Taco. With great effort you move the boulder. You hear a monster behind the boulder. Perhaps that's why you cannot move it. Oof! You walk into something hard. You hear a monster behind the boulder. Perhaps that's why you cannot move it. Oof! You walk into something hard. You hear a monster behind the boulder. Perhaps that's why you cannot move it. Oof! You walk into something hard. The boulder falls into and plugs a hole in the floor! You stop. Taco is in the way! (2x) You displace Taco. The rope golem claws you! (2x) You hit the rope golem. The rope golem claws you! (2x) The rope golem grabs you! The spell hits the rope golem! The rope golem claws you! (2x) You die... Final status: Goodbye Frizzbo the Wizard, killed by a rope golem... You died in Sokoban on dungeon level 5 with 9180 points, and 305 pieces of gold, after 4795 moves. You were level 7 with a maximum of 44 hit points when you died.